 Dungeon Crawl Stone Soup version 0.31.0-9-g3a7656b989 (webtiles) character file.

Game seed: 13850854167326715165

16 qw the Shooter (level 2, -1/14 (16) HPs)
             Began as a Deep Elf Hunter on Feb 2, 2024.
             Slain by Terence
             ... wielding the +7 Throatcutter {drain, coup de grace}
              (2 damage)
             ... on level 2 of the Dungeon.
             The game lasted 00:00:02 (711 turns).

qw the Shooter (Deep Elf Hunter)                     Turns: 711, Time: 00:00:02

HP:   -1/14 (16)    AC:  4    Str:  8    XL:     2   Next: 41%
MP:   4/4           EV: 12    Int: 13    God:
Gold: 2             SH:  0    Dex: 18    Spells: 1/1 levels left

rFire   . . .        a - +2 shortbow
rCold   . . .        (shield currently unavailable)
rNeg    . . .        c - +0 leather armour
rPois   .            (no helmet)
rElec   .            (no cloak)
rCorr   .            i - +0 pair of gloves
SInv    .            (no boots)
Will    .....        (no amulet)
Stlth   ++           (no ring)
HPRegen 0.22/turn    (no ring)
MPRegen 0.09/turn

%: no passive effects
@: heavily drained
A: no striking features
a: no special abilities


You were on level 2 of the Dungeon.
You visited 1 branch of the dungeon, and saw 2 of its levels.

You collected 110 gold pieces.
You spent 108 gold pieces at shops.


   Skills:
 - Level 1.5 Fighting
 + Level 6.2 Ranged Weapons
 - Level 2.4 Dodging
 - Level 1.2 Stealth


You had one spell level left.
You didn't know any spells.
Your spell library was empty.

Inventory:

Hand Weapons
 a - a +2 shortbow (weapon)
Armour
 c - a +0 leather armour (worn)
 i - a +0 pair of gloves (worn)
Potions
 b - 3 potions of curing

Dungeon Overview and Level Annotations

Branches:
Dungeon (2/15)

Altars:

Shops:
D:2 !

Annotations:
D:2 Terence


Message History

b - 3 potions of curing (gained 1) Thank you for shopping at Waliho's Distillery!
690 ||| SHOPLISTING potion of enlightenment (60 gold, have 2).
You can access your shopping list by pressing '$'.
690 ||| SHOPLISTING potion of heal wounds (60 gold, have 2).
You can access your shopping list by pressing '$'.
690 ||| SHOPLISTING potion of might (48 gold, have 2).
You can access your shopping list by pressing '$'.
690 ||| SHOPLISTING potion of resistance (120 gold, have 2).
You can access your shopping list by pressing '$'.
You open the door.
Found 3 stones.
Found a book of Burglary.
There is an open door here.
You open the door.
There is an open door here.
Found a stone staircase leading down.
Terence the Incautious comes into view.
He is wielding the +7 Throatcutter {drain, coup de grace}.
You shoot an arrow. The arrow hits Terence.
Terence is lightly wounded.
You shoot an arrow.
The arrow hits Terence but does no damage.
Terence is lightly wounded.
You shoot an arrow.
The arrow hits Terence but does no damage.
Terence is lightly wounded.
You shoot an arrow. The arrow barely misses Terence.
You shoot an arrow. The arrow hits Terence.
Terence is moderately wounded.
Terence closely misses you.
You shoot an arrow. The arrow hits Terence.
Terence is heavily wounded.
Terence completely misses you.
You shoot an arrow. The arrow hits Terence.
Terence is heavily wounded.
Terence hits you with the +7 Throatcutter {drain, coup de grace}!
Ouch! That really hurt!
You feel drained.
You die...
Terence says, "Time to find some more victims."

###.....#+#### ...?.........
............ ..............
# ...........>..###.#
...................
..........@........
........# #@.......
........###...#####
.................###.#....#
...:......(.......##.#....##
..............#.............
########....#.#..##.........
##''+.........#......
#.+\+.#..... ........
#.+''###..#####..##.#


You could see Terence.

Vanquished Creatures
  A bat (D:1)
  2 endoplasms (D:1)
  A giant cockroach (D:1)
  3 goblins
  3 hobgoblins
  A kobold (D:1)
  A ball python (D:2)
  2 frilled lizards (D:1)
14 creatures vanquished.

Notes
Turn   | Place    | Note
-------+----------+-------------------------------------------
     0 | D:1      | qw the Deep Elf Hunter began the quest for the Orb.
     0 | D:1      | Reached XP level 1. HP: 12/12 MP: 3/3
     0 | D:1      | 0 ||| qw: Version: 0.3-a-155-g5e7d8dd
     0 | D:1      | 0 ||| qw: Game counter: 989
     0 | D:1      | 0 ||| qw: Melee chars always use a shield: true
     0 | D:1      | 0 ||| qw: God list: Okawaru
     0 | D:1      | 0 ||| qw: Allow faded altars: false
     0 | D:1      | 0 ||| qw: Do Orc after clearing Dungeon:15 true
     0 | D:1      | 0 ||| qw: Do second Lair branch before Depths: true
     0 | D:1      | 0 ||| qw: Lair rune preference: random
     0 | D:1      | 0 ||| qw: Goals: Normal
     0 | D:1      | 0 ||| PLANNING D:1-11
   223 | D:1      | Reached skill level 6 in Ranged Weapons
   223 | D:1      | Reached XP level 2. HP: 16/16 MP: 4/4
   454 | D:1      | 454 ||| UPGRADING to +0 pair of gloves.
   459 | D:1      | 459 ||| DROPPING amulet of magic regeneration.
   460 | D:1      | 460 ||| READING scroll labelled FIZOUGH RUOCOR.
   460 | D:1      | 460 ||| IDENTIFYING scroll labelled IDDOLO HODI
   461 | D:1      | 461 ||| READING scroll labelled FILAYF FETTEDD.
   462 | D:1      | 462 ||| READING 2 scrolls labelled DIDOODGHEIXO.
   462 | D:1      | 462 ||| ENCHANTING +0 shortbow.
   463 | D:1      | 463 ||| READING scroll of enchant weapon.
   463 | D:1      | 463 ||| ENCHANTING +1 shortbow.
   464 | D:1      | 464 ||| READING scroll labelled YRUDEA FEER.
   565 | D:1      | 565 ||| DROPPING scroll of butterflies.
   566 | D:1      | 566 ||| DROPPING scroll of vulnerability.
   685 | D:2      | Found Waliho's Distillery.
   690 | D:2      | 690 ||| BUYING 2 potions of curing (72 gold).
   690 | D:2      | Bought 2 potions of curing for 72 gold pieces
   690 | D:2      | 690 ||| BUYING potion of curing (36 gold).
   690 | D:2      | Bought a potion of curing for 36 gold pieces
   690 | D:2      | 690 ||| SHOPLISTING potion of enlightenment (60 gold, have
                  | 2).
   690 | D:2      | 690 ||| SHOPLISTING potion of heal wounds (60 gold, have
                  | 2).
   690 | D:2      | 690 ||| SHOPLISTING potion of might (48 gold, have 2).
   690 | D:2      | 690 ||| SHOPLISTING potion of resistance (120 gold, have
                  | 2).
   704 | D:2      | Noticed Terence
   711 | D:2      | HP: 1/16 [Terence/the +7 Throatcutter {drain, coup de
                  | grace} (15)]
   711 | D:2      | Slain by Terence

Levels and vault maps discovered:
D:1:      doesnt_arrival_eight_statues, layout_rooms, minivault_23,
          minmay_octomino_c4
D:2:      minmay_door_path, layout_basic, serial_shops, shop,
          nicolae_shop_tiny_real_fake_doors, nicolae_shop_tiny_statue_garden,
          uniq_crazy_yiuf_cottage, uniq_natasha, uniq_terence

Skill      XL: |  1 |
---------------+----+-----
Ranged Weapons | 6 |  6.2
Fighting       | |  1.5
Dodging        | |  2.4
Stealth        | |  1.2

Action                     || total
---------------------------++-------
   Fire: Shortbow          ||    39
    Use: Scroll            ||     5
 Armour: Leather armour    ||     3
  Dodge: Dodged            ||     6

Table legend:
 A = Non-vault XP
 B = Vault XP
 C = Vault XP percentage of total XP
 D = Non-vault monster count
 E = Vault monster count
 F = Vault count percentage of total count
                 A         B        C        D         E       F
            +---------+---------+-------+---------+---------+-------
      Total |      13 |      11 |  45.8 |       8 |       6 |  42.9
            +---------+---------+-------+---------+---------+-------
        D:1 |       8 |      11 |  57.9 |       5 |       6 |  54.5
        D:2 |       5 |       0 |   0.0 |       3 |       0 |   0.0
            +---------+---------+-------+---------+---------+-------
